 Dungeon Crawl Stone Soup version 0.20.1-1-g8b1a95d (webtiles) character file.

534 Nattfarinn the Ducker (level 7, 0/41 HPs)
             Began as a Gargoyle Berserker on Aug 5, 2017.
             Was a Believer of Trog.
             Splashed by a jelly's acid (5 damage)
             ... on level 4 of the Dungeon.
             The game lasted 00:04:27 (2793 turns).

Nattfarinn the Ducker (Gargoyle Berserker)          Turns: 2793, Time: 00:04:28

Health: 0/41       AC:  3    Str: 21    XL:     7   Next: 25%
Magic:  7/7        EV: 12    Int:  7    God:    Trog [**....]
Gold:   197        SH:  0    Dex: 11    Spells: 6/6 levels left

rFire    . . .     SeeInvis .   a - +0 mace
rCold    . . .     Gourm    .   (no shield)
rNeg     + . .     Faith    .   e - +0 scale mail
rPois    ∞         Spirit   .   (no helmet)
rElec    +         Reflect  .   (no cloak)
rCorr    .         Harm     .   l - +0 pair of gloves
MR       .....                  n - +2 pair of boots
Stlth    ..........             (no amulet)
Regen    0.2/turn               (no ring)
MPRegen  0.1/turn               (no ring)

@: corroded
A: negative energy resistance 1, electricity resistance, unbreathing,
petrification resistance, rot immunity, AC +4
a: Berserk, Trog's Hand, Burn Spellbooks, Renounce Religion


You were on level 4 of the Dungeon.
You worshipped Trog.
Trog was pleased with you.
You were not hungry.

You visited 1 branch of the dungeon, and saw 4 of its levels.

You collected 197 gold pieces.

Inventory:

Hand Weapons
 a - a +0 mace (weapon)
 s - a +0 blowgun
Missiles
 t - 6 poisoned needles
Armour
 b - a +0 animal skin
 e - a +0 scale mail (worn)
 l - a +0 pair of gloves (worn)
 n - a +2 pair of boots (worn)
Scrolls
 d - 3 scrolls of identify {unknown}
 k - 3 scrolls of magic mapping {unknown}
 o - 2 scrolls of teleportation {unknown}
 p - a scroll of enchant armour {unknown}
 q - a scroll of random uselessness {unknown}
 v - a scroll of enchant weapon {unknown}
 w - 2 scrolls of recharging {unknown}
Potions
 f - 2 potions of flight {unknown}
 h - 3 potions of heal wounds {unknown}
 j - 2 potions of curing {unknown}
 m - a potion of agility {unknown}
 r - 2 potions of magic {unknown}
 u - a potion of brilliance {unknown}
Comestibles
 c - 6 bread rations
 g - 5 meat rations
 i - a royal jelly
 x - 2 chunks of flesh


   Skills:
 - Level 3.2 Fighting
 - Level 3.0 Maces & Flails
 - Level 2.1 Armour
 * Level 6.4 Dodging


You had 6 spell levels left.
You didn't know any spells.

Dungeon Overview and Level Annotations

Branches:
Dungeon (4/15)
 Temple: D:4-7

Altars:
Dithmenos
Gozag
Makhleb
Qazlal
Xom
Yredelemnul


Innate Abilities, Weirdness & Mutations

You are resistant to torment.
Your stone body is resilient. (AC +4)
You are immune to poison.
You resist negative energy. (rN+)
You are resistant to electric shocks. (rElec)
You can survive without breathing.
You are immune to petrification.
You are immune to rotting.


Message History

The jelly hits you.
You are splashed with acid!
The acid burns!
The jelly hits you but does no damage.
You hit the jelly but do no damage.
Your hands burn!
The jelly is heavily wounded.
The jelly closely misses you.
You hit the jelly. The acid corrodes you!
Your hands burn!
The jelly is severely wounded.
The jelly closely misses you.
You are too injured to fight recklessly!
You are too injured to fight recklessly!
You are too injured to fight recklessly!
You are too injured to fight recklessly!
You hit the jelly.
Your hands burn!
The jelly is almost dead.
The jelly hits you.
* * * LOW HITPOINT WARNING * * *
The acid corrodes you!
You are splashed with acid!
The acid burns!
* * * LOW HITPOINT WARNING * * *
You hit the jelly but do no damage.
Your hands burn!
You die...

#...###.#.#.##
#...# ......#
#...# ##.#..#
#...# #.#..#
#...#####....###.#
#................#
#.#.######...##..#
#.#.# ###.##..#
.#..# #.@J..#
...... #####.....
_.#.### ### ...#.
#.


You could see a jelly.

Vanquished Creatures
  The ghost of Toogi the Stinger, an amateur FoVM (D:4)
  An ogre (D:4)
  A hound (D:4)
  An orc priest (D:3)
  A centaur skeleton (D:4)
  Natasha (D:2)
  A worker ant (D:4)
  4 adders
  4 worms
  2 leopard geckos
  4 orcs (D:3)
  9 bats
  5 giant cockroaches
  6 goblins
  9 hobgoblins
  7 jackals
  3 kobolds
  3 quokkas
  6 frilled lizards
  4 rats
73 creatures vanquished.

Notes
Turn   | Place    | Note
-------+----------+-------------------------------------------
     0 | D:1      | Nattfarinn the Gargoyle Berserker began the quest for the Orb.
     0 | D:1      | Reached XP level 1. HP: 14/14 MP: 1/1
   229 | D:1      | Reached skill level 2 in Dodging
   274 | D:1      | Reached XP level 2. HP: 19/19 MP: 2/2
   546 | D:1      | Reached XP level 3. HP: 21/23 MP: 3/3
   709 | D:2      | Reached skill level 3 in Dodging
   759 | D:2      | Found a basalt altar of Yredelemnul.
   761 | D:2      | Noticed Natasha
   773 | D:2      | Killed Natasha
   773 | D:2      | Reached XP level 4. HP: 20/28 MP: 4/4
   877 | D:2      | Reached ** piety under Trog
   886 | D:2      | Found an opulent altar of Gozag.
  1047 | D:2      | Found a burning altar of Makhleb.
  1273 | D:3      | Found a shadowy altar of Dithmenos.
  1350 | D:3      | Found a stormy altar of Qazlal.
  1350 | D:3      | Found a shimmering altar of Xom.
  1383 | D:3      | Found a faded altar of an unknown god.
  1398 | D:3      | Reached skill level 4 in Dodging
  1585 | D:3      | Reached XP level 5. HP: 32/32 MP: 5/5
  2348 | D:4      | Noticed Toogi's ghost (amateur FoVM)
  2364 | D:4      | Killed Toogi's ghost
  2364 | D:4      | Reached skill level 5 in Dodging
  2364 | D:4      | Reached XP level 6. HP: 37/37 MP: 6/6
  2584 | D:4      | Reached skill level 6 in Dodging
  2584 | D:4      | Reached XP level 7. HP: 31/41 MP: 7/7
  2770 | D:4      | Found a shimmering altar of Xom.
  2793 | D:4      | Splashed by a jelly's acid

Skill      XL: |  1  2  3  4  5  6 |
---------------+-------------------+-----
Dodging        | 2 3 4 5 6 |  6.4
Fighting       | |  3.2
Maces & Flails | |  3.0
Armour         | |  2.1

Action                   |  1- 3 |  4- 6 |  7- 9 || total
-------------------------+-------+-------+-------++-------
Melee: Mace              |    94 |   198 |    20 ||   312
Invok: Berserk           |       |     2 |       ||     2
       Trog's Hand       |       |     1 |       ||     1
  Eat: Chunk             |       |     7 |     2 ||     9
Armor: Scale mail        |    78 |   125 |     4 ||   207
Dodge: Dodged            |    71 |   167 |    10 ||   248
